 Dungeon Crawl Stone Soup version 0.27-a0-1139-g28e009f8a6 (webtiles) character file.

Game seed: 9906116806085831977

65 leviel the Shield-Bearer (level 3, -5/33 HPs)
             Began as a Minotaur Fighter on May 8, 2021.
             Slain by an ice beast (14 damage)
             ... on level 3 of the Dungeon.
             The game lasted 00:00:58 (1536 turns).

leviel the Shield-Bearer (Minotaur Fighter)         Turns: 1536, Time: 00:00:59

Health: -5/33      AC: 11    Str: 21    XL:     3   Next: 92%
Magic:  2/2        EV:  8    Int:  5    God:
Gold:   84         SH:  9    Dex:  9    Spells: 2/2 levels left

rFire    . . .     SeeInvis .   a - +0 war axe
rCold    . . .     Faith    .   c - +0 kite shield
rNeg     . . .     Spirit   .   b - +0 scale mail
rPois    .         Reflect  .   (helmet restricted)
rElec    .         Harm     .   (no cloak)
rCorr    .         Rampage  .   (no gloves)
Will     .....                  (no boots)
Stlth    ..........             (no amulet)
HPRegen  0.11/turn              j - +4 ring of protection
MPRegen  0.08/turn              (no ring)

@: no status effects
A: horns 2, retaliatory headbutt
a: no special abilities


You were on level 3 of the Dungeon.
You visited 1 branch of the dungeon, and saw 3 of its levels.

You collected 84 gold pieces.

Inventory:

Hand Weapons
 a - a +0 war axe (weapon)
Armour
 b - a +0 scale mail (worn)
 c - a +0 kite shield (worn)
Jewellery
 i - a ring of ice
 j - a +4 ring of protection (left hand)
Scrolls
 f - a scroll of immolation {unknown}
 h - a scroll of vulnerability {unknown}
 k - a scroll of identify {unknown}
Potions
 d - 2 potions of might
 e - a potion of magic {unknown}
 g - a potion of curing {unknown}


   Skills:
 + Level 4.1 Fighting
 + Level 3.0 Axes
 + Level 4.0 Armour
 + Level 1.5 Dodging
 + Level 4.3 Shields


You had 2 spell levels left.
You didn't know any spells.
Your spell library was empty.

Dungeon Overview and Level Annotations

Branches:
Dungeon (3/15)

Altars:


Innate Abilities, Weirdness & Mutations

You have a pair of horns on your head.
You reflexively headbutt those who attack you in melee.


Message History

You climb downwards.
An ice beast comes into view.
There is a stone staircase leading up here.
You barely miss the ice beast. You headbutt the ice beast!
The ice beast is moderately wounded.
The ice beast hits you. The ice beast freezes you!
You hit the ice beast but do no damage.
The ice beast is moderately wounded.
The ice beast barely misses you. You block the ice beast's attack.
You barely miss the ice beast. Your headbutt misses the ice beast.
The ice beast is moderately wounded.
You block the ice beast's attack.
You hit the ice beast. Your headbutt misses the ice beast.
The ice beast is heavily wounded.
The ice beast barely misses you.
The ice beast hits you but does no damage.
You hit the ice beast.
You headbutt the ice beast, but do no damage.
The ice beast is severely wounded.
You block the ice beast's attack.
The ice beast hits you but does no damage.
You hit the ice beast but do no damage. You headbutt the ice beast!
The ice beast is almost dead.
The ice beast hits you. The ice beast freezes you!
You are too injured to fight recklessly!
You are too injured to fight recklessly!
You are too injured to fight recklessly!
You are too injured to fight recklessly!
You are too injured to fight recklessly!
You are too injured to fight recklessly!
You are too injured to fight recklessly!
You are too injured to fight recklessly!
You are too injured to fight recklessly!
Unknown command.
You closely miss the ice beast.
The ice beast is almost dead.
The ice beast hits you.
* * * LOW HITPOINT WARNING * * *
The ice beast freezes you!
You die...

### ..# #.#
#.# # #.# ###
###.###<#.....
#...Y@....#
#...#.#.......
#.##.#..#.####
.. #.# #...# .
... ..... #.#
#.#### #. #.#
. .#


You could see an ice beast.

Vanquished Creatures
  2 adders (D:2)
  5 ball pythons
  5 endoplasms
  3 giant cockroaches (D:2)
  3 goblins (D:1)
  4 hobgoblins
  6 kobolds
  3 quokkas
  6 bats (D:1)
  A frilled lizard (D:1)
  5 rats
43 creatures vanquished.

Notes
Turn   | Place    | Note
-------+----------+-------------------------------------------
     0 | D:1      | leviel the Minotaur Fighter began the quest for the Orb.
     0 | D:1      | Reached XP level 1. HP: 19/19 MP: 0/0
   110 | D:1      | Reached XP level 2. HP: 26/27 MP: 1/1
   594 | D:1      | Reached XP level 3. HP: 25/33 MP: 2/2
  1088 | D:2      | Found a faded altar of an unknown god.
  1179 | D:2      | Reached skill level 1 in Dodging
  1527 | D:3      | Noticed an ice beast
  1536 | D:3      | Slain by an ice beast

Illustrated notes

Levels and vault maps discovered:
D:1:      elethiomel_arrival_infinity_welcomes_careful_drivers, layout_basic,
          hex_large, minmay_misc_feat_five, minmay_surrounded
D:2:      layout_rooms, shapermc_ecumenical_altar_flowoftime
D:3:      layout_loops_ring, gammafunk_ghost_nasty_kobolds,
          minmay_quadrilaterals

Skill      XL: |  1  2  3 |
---------------+----------+-----
Shields        | 4 |  4.3
Fighting       | 4 |  4.1
Armour         | 4 |  4.0
Axes           | 3 |  3.0
Dodging        | 1 |  1.5

Action                   || total
-------------------------++-------
Melee: War axe           ||    76
       Headbutt          ||    14
Armor: Scale mail        ||    45
Dodge: Dodged            ||    31
Block: Kite shield       ||    37

Table legend: (Time is in decaauts)
 A = Elapsed time spent in this place.
 B = Non-inter-level travel time spent in this place.
 C = Inter-level travel time spent in this place.
 D = Time resting spent in this place.
 E = Time spent auto-exploring this place.
 F = Levels seen in this place.
 G = Mean time per level.
                   A        B        C        D        E       F      G
               +--------+--------+--------+--------+--------+-----+--------+
         Total |   1579 |   1504 |     75 |      0 |   1291 |   3 |  526.3 |
       Dungeon |   1579 |   1504 |     75 |      0 |   1291 |   3 |  526.3 |
               +--------+--------+--------+--------+--------+-----+--------+

Top non-repeatable levels by time:
     D:1: 989 daAuts
     D:2: 577 daAuts
     D:3: 12 daAuts
